 Dungeon Crawl Stone Soup version 0.19-a0 (webtiles) character file.

727 MovingMist the Chopper (level 7, -5/61 HPs)
             Began as a Deep Dwarf Fighter on Apr 27, 2016.
             Slain by Pikel
             ... wielding a +2 whip of electrocution
              (13 damage)
             ... on level 4 of the Dungeon.
             The game lasted 00:09:03 (2709 turns).

MovingMist the Chopper (Deep Dwarf Fighter)         Turns: 2709, Time: 00:09:05

Health: -5/61      AC:  6    Str: 20    XL:     7   Next: 44%
Magic:  7/7        EV:  7    Int:  9    God:
Gold:   123        SH: 10    Dex: 13    Spells: 0 memorised, 6 levels left

rFire  . . .     SeeInvis .     p - +4 flail
rCold  . . .     Gourm    +     b - +0 scale mail
rNeg   . . .     Faith    .     c - +1 shield
rPois  .         Spirit   .     (no helmet)
rElec  .         Dismiss  .     (no cloak)
rCorr  .         Reflect  .     (no gloves)
SustAt .         Harm     .     (no boots)
MR     +....                    k - amulet of the gourmand
Stlth  ..........               (no ring)
                                (no ring)

@: non-regenerating, somewhat resistant to hostile enchantments, extremely
unstealthy
A: damage resistance, recharge devices, sense surroundings 1, slow regeneration
3
a: Device Recharging


You were on level 4 of the Dungeon.
You were completely stuffed.

You visited 1 branch of the dungeon, and saw 4 of its levels.

You collected 123 gold pieces.

Inventory:

Hand Weapons
 a - a +0 war axe
 p - a +4 flail (weapon)
Armour
 b - a +0 scale mail (worn)
 c - a +1 shield (worn)
Jewellery
 k - an amulet of the gourmand (around neck)
Wands
 e - a wand of heal wounds (3/9)
Scrolls
 n - 2 scrolls of remove curse
Potions
 d - a potion of might
 h - a potion of cancellation
 j - 2 potions of berserk rage {unknown}
 m - 2 potions of haste {unknown}
 o - 2 potions of brilliance {unknown}
Miscellaneous
 l - a plain deck of summoning {drawn: 2}
Comestibles
 f - 3 bread rations
 g - a meat ration
 q - 3 chunks of flesh


   Skills:
 - Level 2.6 Fighting
 - Level 7.9(8.5) Axes
 * Level 4.2(6.2) Maces & Flails
 - Level 3.2 Armour
 - Level 3.2 Shields


You had 6 spell levels left.
You didn't know any spells.

Dungeon Overview and Level Annotations

Branches:
Dungeon (4/15)
 Temple: D:4-7

Altars:
Ashenzari
Dithmenos
The Shining One

Annotations:
D:4 Pikel


Innate Abilities, Weirdness & Mutations

You are resistant to damage.
You can recharge devices by infusing magical energy.
You passively map a small area around you.
You do not regenerate naturally.


Message History

Pikel hits you with a whip of electrocution!
You are electrocuted!
* * * LOW HITPOINT WARNING * * *
You hit Pikel.
Pikel is lightly wounded.
The slave hits you but does no damage.
Pikel checks his coin pouch and frowns.
Pikel hits you but does no damage.
You closely miss Pikel.
Pikel is lightly wounded.
The slave hits you.
* * * LOW HITPOINT WARNING * * *
You block Pikel's attack.
You barely miss Pikel.
Pikel is lightly wounded.
The slave barely misses you.
Pikel hits you with a whip of electrocution!
* * * LOW HITPOINT WARNING * * *
You are electrocuted!
You die...

# #####...#..........#...# #.#
#.#.......##.>.รท...# #.##
#....########.###..### #..#
###...........# #..%.# ##.#
#######....######.####...####..
#..<)....#.### #...###........
#.....##...pp## ###.####....###
#.....###.##pp## #...#####.###
#.....# #.###K@# ###.....#....
#.....# #.# ##.# ##...........
# #.....# #p#
#..###.).....###.. # #.....#
#K.**##.##.........##.. #
#.....#


#pp ...##......>..###. ####### #... ..##.........##.. #... ,..##.........##..
##### #.##.........##.# ########## #.##............. You could see Pikel and 4
slaves.

Vanquished Creatures
  Sigmund (D:4)
  A scorpion (D:4)
  A hound (D:4)
  3 orc wizards
  A giant frog skeleton (D:4)
  Jessica (D:2)
  Natasha (D:4)
  An iguana (D:4)
  A hound skeleton (D:4)
  2 gnolls (D:2)
  10 adders
  An ooze (D:2)
  2 worms
  3 giant geckos
  10 orcs
  7 bats
  3 giant cockroaches
  14 goblins
  9 hobgoblins
  2 jackals (D:4)
  10 kobolds
  3 quokkas
  A giant gecko skeleton (D:4)
  8 giant newts
  11 rats
107 creatures vanquished.

Vanquished Creatures (collateral kills)
  Menkaure (D:4)
  An orc wizard (D:4)
  3 orcs (D:4)
5 creatures vanquished.

Grand Total: 112 creatures vanquished

Notes
Turn   | Place    | Note
--------------------------------------------------------------
     0 | D:1      | MovingMist the Deep Dwarf Fighter began the quest for the Orb.
     0 | D:1      | Reached XP level 1. HP: 20/20 MP: 1/1
   100 | D:1      | Reached skill level 3 in Axes
   106 | D:1      | Reached XP level 2. HP: 27/27 MP: 2/2
   679 | D:1      | Reached XP level 3. HP: 29/33 MP: 3/3
   700 | D:2      | Noticed Jessica
   716 | D:2      | Killed Jessica
   716 | D:2      | Reached skill level 4 in Axes
   804 | D:2      | Reached XP level 4. HP: 24/40 MP: 4/4
   913 | D:2      | Reached skill level 5 in Axes
  1202 | D:2      | Found a shattered altar of Ashenzari.
  1202 | D:2      | Found a shadowy altar of Dithmenos.
  1297 | D:3      | Reached XP level 5. HP: 32/46 MP: 5/5
  1465 | D:3      | Reached skill level 6 in Axes
  2139 | D:4      | Reached skill level 7 in Axes
  2139 | D:4      | Reached XP level 6. HP: 23/55 MP: 6/6
  2226 | D:4      | Noticed Menkaure
  2235 | D:4      | Noticed a wyvern
  2239 | D:4      | Killed Menkaure
  2328 | D:4      | Found a glowing golden altar of the Shining One.
  2342 | D:4      | Reached skill level 1 in Maces & Flails
  2461 | D:4      | Reached XP level 7. HP: 31/61 MP: 7/7
  2645 | D:4      | Noticed Sigmund
  2675 | D:4      | Killed Sigmund
  2684 | D:4      | Noticed Pikel
  2686 | D:4      | Noticed Natasha
  2704 | D:4      | Killed Natasha
  2709 | D:4      | Slain by Pikel

Vault maps used:
D:1:      sevenhm_arrival_forest_fort_small_5
D:2:      gammafunk_temple_overflow_elements, amalloy_card_club, uniq_jessica
D:4:      nicolae_tso_carved_into_rock, first_bread, minmay_goblin_outpost,
          uniq_pikel, uniq_natasha, uniq_sigmund, uniq_menkaure

Skill      XL: |  1  2  3  4  5  6  7 |
---------------+----------------------+-----
Axes           | 3 4 5 7 |  7.9
Maces & Flails | 2 4 |  4.2
Fighting       | |  2.6
Armour         | |  3.2
Shields        | |  3.2

Action                   |  1- 3 |  4- 6 |  7- 9 || total
-------------------------+-------+-------+-------++-------
Melee: War axe           |   118 |   191 |       ||   309
       Flail             |       |    36 |    32 ||    68
Evoke: Wand              |       |     3 |     2 ||     5
       Deck              |       |     2 |       ||     2
  Use: Scroll            |     4 |     2 |     1 ||     7
       Potion            |       |       |     1 ||     1
  Eat: Chunk             |       |    15 |     1 ||    16
Armor: Scale mail        |    52 |    77 |     6 ||   135
Dodge: Dodged            |    44 |    64 |     9 ||   117
Block: Shield            |    57 |   128 |    11 ||   196
